 Dungeon Crawl Stone Soup version 0.30-a0-322-g102857c98e (webtiles) character file.

Game seed: 5974617250418044925

134 ryw the Insei (level 4, -1/37 HPs)
             Began as a Demonspawn Monk on Oct 27, 2022.
             Slain by a gnoll
             ... wielding a +0 spear
              (2 damage)
             ... on level 3 of the Dungeon.
             The game lasted 00:02:52 (2393 turns).

ryw the Insei (Demonspawn Monk)                     Turns: 2393, Time: 00:02:53

Health: -1/37      AC: 10    Str: 13    XL:     4   Next: 95%
Magic:  4/4        EV:  6    Int: 11    God:
Gold:   120        SH:  0    Dex: 16    Spells: 3/3 levels left

rFire   . . .      SeeInvis .    q - +2 dagger (chaos)
rCold   . . .      Faith    .    (no shield)
rNeg    . . .      Spirit   .    d - +0 chain mail
rPois   .          Reflect  .    (helmet restricted)
rElec   .          Harm     .    o - +0 cloak
rCorr   .          Rampage  .    (no gloves)
Will    .....                    m - +0 pair of boots
Stlth   ..........               (no amulet)
HPRegen 0.26/turn                (no ring)
MPRegen 0.09/turn                (no ring)

@: confused, ambrosia-drunk
A: antennae 2, weakness stinger 1
a: no special abilities


You were on level 3 of the Dungeon.
You visited 1 branch of the dungeon, and saw 3 of its levels.

You collected 120 gold pieces.

Inventory:

Hand Weapons
 h - a +0 great sword
 q - a +2 dagger of chaos (weapon)
Armour
 a - a +0 robe
 d - a +0 chain mail (worn)
 g - a +0 plate armour
 m - a +0 pair of boots (worn)
 o - a +0 cloak (worn)
Wands
 l - a wand of charming (1)
Scrolls
 c - a scroll of fear {unknown}
 e - 2 scrolls of amnesia {unknown}
 f - a scroll of immolation {unknown}
 i - 4 scrolls of identify {unknown}
 k - a scroll of blinking {unknown}
 r - a scroll of teleportation {unknown}
Potions
 j - a potion of might {unknown}
 n - 2 potions of mutation {unknown}
 p - a potion of invisibility {unknown}


   Skills:
 - Level 4.0 Fighting
 - Level 2.6 Dodging
 - Level 1.7 Stealth
 + Level 4.5 Unarmed Combat


You had 3 spell levels left.
You didn't know any spells.
Your spell library contained the following spells:

 Spells                   Type           Power      Damage    Failure   Level
 Kiss of Death            Conj/Necr      0%         2d5       100%        1
 Confusing Touch          Hex            0%         N/A       100%        3
 Animate Dead             Necr           0%         N/A       100%        4
 Dispel Undead            Necr           0%         3d6       100%        4
 Haunt                    Necr/Summ      0%         N/A       100%        7
 Infestation              Necr           0%         N/A       100%        8


Dungeon Overview and Level Annotations

Branches:
Dungeon (3/15)

Altars:
Xom


Innate Abilities, Weirdness & Mutations

You have a pair of antennae on your head.
You have a small tail.


Message History

r - a scroll labelled UMYRALETOE You now have 120 gold pieces (gained 16).
There is a shaft here.
A gnoll comes into view. It is wielding a +0 halberd.
The gnoll shouts!
You hear a shout!
A gnoll comes into view. It is wielding a +0 spear.
A gnoll comes into view. It is wielding a +0 whip.
The gnoll shouts!
The gnoll barely misses you. x2
You hit the gnoll but do no damage.
Your tail-slap misses the gnoll.
The gnoll hits you with a +0 halberd!
The gnoll hits you from afar with a +0 spear.
You hit the gnoll. You freeze the gnoll.
The gnoll is lightly wounded.
The gnoll hits you with a +0 halberd. The gnoll hits you but does no damage.
You hit the gnoll.
The gnoll seems to grow stronger.
You tail-slap the gnoll, but do no damage.
The gnoll is moderately wounded.
The gnoll barely misses you.
The gnoll hits you from afar with a +0 spear.
You are too injured to fight recklessly!
You hit the gnoll but do no damage. You tail-slap the gnoll.
The gnoll is heavily wounded.
The gnoll hits you with a +0 halberd!
* * * LOW HITPOINT WARNING * * *
The gnoll hits you from afar with a +0 spear.
* * * LOW HITPOINT WARNING * * *
Unknown command.
You are confused.
You feel invigorated. The gnoll barely misses you. x2
Unknown command.
You bump into the rock wall.
The gnoll closely misses you. x2
You bump into the rock wall.
The gnoll hits you with a +0 halberd!
* * * LOW HITPOINT WARNING * * *
The gnoll barely misses you.
Unknown command.
You bump into the rock wall.
The gnoll hits you with a +0 halberd!
* * * LOW HITPOINT WARNING * * *
The gnoll hits you from afar with a +0 spear.
You die...

####### ......
#... #.######.#
#.ggg@...#######
....######.......#
##### #.#
#.#####.# ...<#
#.# #.#
###.#####.# #.#
.......##.# #.#
###.##.##.# #.#
#.##.##.# #^#
#.##.##.# #.#


You could see 3 gnolls.

Vanquished Creatures
  2 crimson imps (D:3)
  2 adders (D:2)
  A worm (D:2)
  2 endoplasms
  A giant cockroach (D:2)
  5 goblins
  4 hobgoblins
  10 kobolds (D:1)
  5 ball pythons
  6 bats
  6 frilled lizards
  4 rats
48 creatures vanquished.

Vanquished Creatures (others)
  5 plants (D:1)
5 creatures vanquished.

Grand Total: 53 creatures vanquished

Notes
Turn   | Place    | Note
-------+----------+-------------------------------------------
     0 | D:1      | ryw the Demonspawn Monk began the quest for the Orb.
     0 | D:1      | Reached XP level 1. HP: 18/18 MP: 1/1
   269 | D:1      | Discovered your monstrous ancestry.
   269 | D:1      | Gained mutation: You have a pair of small antennae on your
                  | head. [demonic ancestry]
   269 | D:1      | Reached XP level 2. HP: 23/24 MP: 2/2
   729 | D:1      | Gained mutation: You have a pair of antennae on your head.
                  | [demonic ancestry]
   729 | D:1      | Reached XP level 3. HP: 27/30 MP: 3/3
  2208 | D:3      | Found a shimmering altar of Xom.
  2216 | D:3      | Gained mutation: You have a small tail. [demonic ancestry]
  2216 | D:3      | Reached XP level 4. HP: 32/37 MP: 4/4
  2393 | D:3      | HP: 1/37 [gnoll/+0 halberd (11)]
  2393 | D:3      | Slain by a gnoll

Illustrated notes

Levels and vault maps discovered:
D:1:      dpeg_arrival_yet_another_circle, layout_basic,
          chequers_serial_rivers_room_b, st_stairs_10, lexackson_kobold_supper
D:2:      layout_loops_ring, minmay_splitting_lines,
          chequers_serial_rivers_room_b
D:3:      layout_loops_ring, led_xom_imps, nicolae_overflow_two_pavilions

Skill      XL: |  1  2  3 |
---------------+----------+-----
Fighting       | 4 |  4.0
Unarmed Combat | 3 4 |  4.5
Dodging        | |  2.6
Stealth        | |  1.7

Action                   |  1- 3 |  4- 6 || total
-------------------------+-------+-------++-------
Melee: Unarmed           |   116 |       ||   116
       Punch             |     2 |       ||     2
       Great sword       |    64 |     1 ||    65
       Dagger            |       |     5 ||     5
       Tailslap          |       |     2 ||     2
  Use: Potion            |       |     1 ||     1
Armor: Chain mail        |   136 |     2 ||   138
       Robe              |     1 |       ||     1
Dodge: Dodged            |    80 |     8 ||    88

Table legend: (Time is in decaauts)
 A = Elapsed time spent in this place.
 B = Non-inter-level travel time spent in this place.
 C = Inter-level travel time spent in this place.
 D = Time resting spent in this place.
 E = Time spent auto-exploring this place.
 F = Levels seen in this place.
 G = Mean time per level.
                   A        B        C        D        E       F      G
               +--------+--------+--------+--------+--------+-----+--------+
         Total |   2435 |   2364 |     71 |     37 |   1862 |   3 |  811.7 |
       Dungeon |   2435 |   2364 |     71 |     37 |   1862 |   3 |  811.7 |
               +--------+--------+--------+--------+--------+-----+--------+

Top non-repeatable levels by time:
     D:1: 1236 daAuts
     D:2: 836 daAuts
     D:3: 363 daAuts
